 Dungeon Crawl Stone Soup version 0.28-a0-983-g1de4e0787c (webtiles) character file.

Game seed: 640933675163054136

1411 freelancePsychic the Caller (level 8, -3/31 HPs)
             Began as a Felid Summoner on Dec 3, 2021.
             Was a Priest of Elyvilon.
             Killed from afar by Maggie (10 damage)
             ... with an iceblast
             ... on level 7 of the Dungeon.
             The game lasted 00:33:17 (10795 turns).

freelancePsychic the Caller (Felid Summoner)       Turns: 10795, Time: 00:33:17

Health: -3/31      AC:  2    Str:  4    XL:     8   Next: 43%
Magic:  15/16      EV: 17    Int: 20    God:    Elyvilon [***...]
Gold:   348        SH:  0    Dex: 17    Spells: 5/16 levels left
                                        Lives:  0   Deaths: 2

rFire   . . .      SeeInvis +   (weapon unavailable)
rCold   . . .      Faith    .   (shield unavailable)
rNeg    . . .      Spirit   .   (armour unavailable)
rPois   .          Reflect  .   (helmet unavailable)
rElec   .          Harm     .   (cloak unavailable)
rCorr   .          Rampage  .   (gloves unavailable)
Will    +....                   (boots unavailable)
Stlth   ++........              (no amulet)
HPRegen 0.10/turn               (no ring)
MPRegen 0.15/turn               (no ring)

@: marked, quick
A: very small, claws 1, fangs 3, see invisible, speed 1, shaggy fur 2, stealthy
paws, no weapons or thrown items, no armour, multi-lived
a: Renounce Religion, Purification, Heal Other, Heal Self


You were on level 7 of the Dungeon.
You worshipped Elyvilon.
Elyvilon was most pleased with you.
You visited 2 branches of the dungeon, and saw 9 of its levels.

You collected 348 gold pieces.

Inventory:

Wands
 c - a wand of paralysis (8)
 p - a wand of flame (23)
 s - a wand of charming (21)
 t - a wand of mindburst (2)
Scrolls
 f - 4 scrolls of teleportation {@r4}
 g - a scroll of amnesia
 h - a scroll of blinking
 i - a scroll of vulnerability
 m - a scroll of immolation {unknown}
 n - 2 scrolls of magic mapping
 q - a scroll of fog
 u - 3 scrolls of identify {@r1}
 v - 2 scrolls of enchant weapon {unknown}
Potions
 b - a potion of mutation {unknown}
 d - a potion of might {unknown}
 e - a potion of attraction {unknown}
 j - 2 potions of flight {unknown}
 k - a potion of invisibility
 l - a potion of heal wounds {unknown}
 o - 2 potions of ambrosia {unknown}
 r - a potion of magic {unknown}


   Skills:
 - Level 2.6 Dodging
 - Level 2.6 Stealth
 + Level 4.7 Spellcasting
 - Level 4.0 Hexes
 + Level 7.9 Summonings
 + Level 6.7 Transmutations
 - Level 5.0 Air Magic
 + Level 4.0 Earth Magic


You had 5 spell levels left.
You knew the following spells:

 Your Spells              Type           Power      Damage    Failure   Level
a - Summon Small Mammal   Summ           100%       N/A       1%          1
b - Call Canine Familiar  Summ           36%        N/A       1%          3
c - Summon Guardian Gole  Hex/Summ       28%        N/A       3%          3
d - Summon Lightning Spi  Summ/Air       30%        N/A       9%          4

Your spell library contained the following spells:

 Spells                   Type           Power      Damage    Failure   Level
 Call Imp                 Summ           36%        N/A       1%          2
 Static Discharge         Conj/Air       14%        N/A       6%          2
 Scorch                   Fire           8%         2d5       19%         2
 Leda's Liquefaction      Hex/Erth       10%        N/A       22%         4
 Lee's Rapid Deconstruct  Erth           10%        3d9*      54%         5
 Dispel Undead            Necr           4%         3d7       75%         4
 Flame Wave               Conj/Fire      4%         2d4       75%         4
 Sticky Flame             Conj/Fire      4%         2d3       75%         4
 Summon Cactus Giant      Summ           18%        N/A       56%         6
 Statue Form              Tmut/Erth      17%        N/A       89%         6


Dungeon Overview and Level Annotations

Branches:
Dungeon (8/15)             Temple (1/1) D:5
   Lair: D:8-11

Altars:
Ashenzari
Cheibriados
Dithmenos
Elyvilon
Fedhas
Gozag
Hepliaklqana
Kikubaaqudgha
Makhleb
Nemelex Xobeh
Okawaru
Qazlal
Ru
Sif Muna
Trog
Uskayaw
Vehumet
Wu Jian
Xom
Yredelemnul
Zin
The Shining One

Annotations:
D:7 Maggie
D:8 Harold


Innate Abilities, Weirdness & Mutations

You have sharp claws.
You have razor-sharp teeth.
You have supernaturally acute eyesight. (SInv)
You cover ground quickly. (Speed+)
You are covered in thick fur. (AC +2)
Your paws help you pounce on unaware monsters.
You are incapable of wielding weapons or throwing items.
You cannot wear armour.
You gain extra lives every three experience levels.


Message History

You are yanked forward by the harpoon shot.
You see here a throwing net.
Harold casts a spell at you. A sentinel's mark forms upon you.
Harold fires a harpoon shot at you. The harpoon shot hits you!
* * * LOW HITPOINT WARNING * * *
You are yanked forward by the harpoon shot.
Your lightning spire shoots out a bolt of lightning at Harold!
The bolt of electricity hits Harold!
Harold fires a harpoon shot at you. The harpoon shot misses you.
You fade into invisibility!
You feel yourself speed up.
Harold hits your lightning spire but does no damage.
The howler monkey hits your lightning spire!
Harold hits your lightning spire with a +1 vorpal hand axe!!
Your lightning spire is destroyed!
Your lightning spire disappears in a puff of smoke!
Found 19 gold pieces.
Found a stone staircase leading up.
You start resting.
You flicker for a moment.
Your extra speed is starting to run out.
There is a stone staircase leading up here.
You start resting.
You flicker back into view.
You start resting.
You feel yourself slow down.
You start resting.
A necrophage is nearby!
A necrophage is nearby!
You climb upwards.
Level annotation: Maggie
There is a stone staircase leading down here.
You start resting.
Maggie is nearby!
Maggie zaps a wand.
The mass of ice explodes!
The iceblast engulfs you!
You die...

#..............#...#....#...[#.
#..............#...#....'....#.
##..##.####...###..##'####...##
#####.####...###..##...##...##
#..........#.............##
#..........#...........(..#
#..........#..............#
#..........'..............'
##?......@.@#........†....##
#.....#..#>.#..#...#..#...##
############################ #.
#. ## #


You could see Maggie.

Vanquished Creatures
  A bullfrog (D:8)
  A scorpion (D:4)
  A gnoll (D:4)
  2 ball pythons
  A kobold (D:4)
  A rat (D:1)
7 creatures vanquished.

Vanquished Creatures (collateral kills)
  Duvessa (D:4)
  An orc warrior (D:7)
  2 black bears
  A necrophage (D:5)
  An ice beast (D:4)
  A centaur (D:7)
  An ogre (D:6)
  A kobold brigand (D:6)
  A bullfrog (D:6)
  3 scorpions
  A water moccasin skeleton (D:6)
  Dowan (D:4)
  3 nameless horrors
  5 howler monkeys
  A bullfrog zombie (D:6)
  2 hounds
  2 gnoll shamans
  4 jellies
  2 iguanas (D:6)
  3 orc wizards
  A killer bee zombie (D:7)
  A hound skeleton (D:5)
  7 gnolls
  A howler monkey zombie (D:7)
  7 adders
  A white imp (D:6)
  3 ufetubi
  2 worms
  2 dart slugs
  12 orcs
  2 ball pythons
  5 endoplasms
  3 giant cockroaches (D:2)
  5 goblins
  8 hobgoblins
  2 jackals (D:1)
  2 quokkas
  A bat (D:3)
  4 frilled lizards (D:2)
  9 kobolds
  3 rats
118 creatures vanquished.

Vanquished Creatures (others)
  Prince Ribbit (D:5)
  Sigmund (D:2)
  2 water moccasins
  An ice beast (D:4)
  An ogre (D:3)
  A kobold (D:2)
  8 withered plants (D:1)
15 creatures vanquished.

Grand Total: 140 creatures vanquished

Notes
Turn   | Place    | Note
-------+----------+-------------------------------------------
     0 | D:1      | freelancePsychic the Felid Summoner began the quest for the
                  | Orb.
     0 | D:1      | Reached XP level 1. HP: 7/7 MP: 4/4
   399 | D:1      | Found a faded altar of an unknown god.
   565 | D:1      | Reached XP level 2. HP: 8/11 MP: 0/6
  1508 | D:2      | Reached XP level 3. HP: 14/14 MP: 3/7
  2073 | D:2      | Learned a level 3 spell: Call Canine Familiar
  2107 | D:2      | Noticed Sigmund
  2195 | D:3      | Reached skill level 5 in Summonings
  2297 | D:3      | Reached XP level 4. HP: 18/18 MP: 9/9
  2451 | D:3      | Noticed an ogre
  2802 | D:2      | Reached skill level 1 in Hexes
  3074 | D:2      | Learned a level 3 spell: Summon Guardian Golem
  3279 | D:2      | Killed Sigmund
  3280 | D:2      | Reached XP level 5. HP: 21/21 MP: 6/11
  3317 | D:3      | Killed an ogre
  3318 | D:3      | Gained mutation: You are covered in thick fur. (AC +2)
                  | [Felid growth]
  3318 | D:3      | Reached XP level 6. HP: 24/24 MP: 7/12
  3379 | D:3      | Reached skill level 6 in Summonings
  4162 | D:4      | Noticed an ice beast
  4238 | D:4      | Killed an ice beast
  4239 | D:4      | Reached skill level 1 in Transmutations
  4239 | D:4      | Reached skill level 1 in Air Magic
  4377 | D:4      | Noticed Dowan
  4394 | D:4      | Killed Dowan
  4395 | D:4      | Reached skill level 1 in Earth Magic
  4395 | D:4      | Reached XP level 7. HP: 27/27 MP: 10/14
  4432 | D:4      | Noticed Duvessa
  4555 | D:4      | Killed Duvessa
  4916 | D:4      | Found an ornate altar of the Wu Jian Council.
  5068 | D:5      | Entered Level 5 of the Dungeon
  5143 | D:5      | Found a sparkling altar of Nemelex Xobeh.
  5149 | D:4      | Slain by a gnoll
  5150 | D:4      | Reached XP level 6. HP: 0/24 MP: 11/13
  5310 | D:4      | Killed a water moccasin
  5562 | D:4      | Reached XP level 7. HP: 17/27 MP: 9/14
  6363 | D:5      | Reached skill level 7 in Summonings
  6498 | D:5      | Found a staircase to the Ecumenical Temple.
  6545 | D:5      | Noticed Prince Ribbit
  6578 | Temple   | Entered the Ecumenical Temple
  6914 | Temple   | Became a worshipper of Elyvilon the Healer
  7401 | D:5      | Killed Prince Ribbit
  7402 | D:5      | Reached XP level 8. HP: 8/31 MP: 12/15
  7717 | D:5      | Learned a level 4 spell: Summon Lightning Spire
  7787 | D:6      | Reached skill level 5 in Transmutations
  8262 | D:6      | Reached * piety under Elyvilon
  9062 | D:6      | Reached skill level 5 in Air Magic
  9265 | D:6      | Reached ** piety under Elyvilon
  9576 | D:7      | Reached XP level 9. HP: 34/34 MP: 12/16
  9793 | D:7      | Noticed Maggie
  9959 | D:7      | Killed from afar by Maggie
  9960 | D:7      | Reached XP level 8. HP: -14/31 MP: 8/15
 10085 | D:7      | Reached *** piety under Elyvilon
 10227 | D:8      | Noticed Harold
 10508 | D:8      | Elyvilon protects you from harm!
 10795 | D:7      | Killed from afar by Maggie

Illustrated notes

Levels and vault maps discovered:
D:1:      erik_arrival_cave_to_civilisation [erik_arrival_cave_to_hall],
          layout_basic, shapermc_ecumenical_altar_flowoftime,
          serial_bayou_ford_a
D:2:      layout_basic, minmay_cut_off, uniq_sigmund
D:3:      layout_loops_ring, cheibrodos_sewer_entry_bend,
          kennysheep_generic_room_10
D:4:      layout_rooms, nicolae_wu_jian_immortal_techniques,
          chequers_decorated_corner, uniq_duvessa
D:5:      layout_basic, amcnicky_altar_gilded, minmay_temple_entry_grid,
          serial_rivers, chequers_serial_rivers_micro_d,
          chequers_serial_rivers_micro_a, chequers_serial_rivers_micro_b,
          chequers_serial_rivers_room_a, roderic_serpentine_path,
          uniq_prince_ribbit1
D:6:      layout_gridville, minmay_manual_moon
D:7:      layout_gridville, uniq_maggie
D:8:      layout_basic, special_room [special_room_orc], uniq_harold
Temple:   mainiacjoe_temple_cubbyholes

Skill      XL: |  1  2  3  4  5  6  7  8 |
---------------+-------------------------+-----
Summonings     | 5 6 7 |  7.9
Spellcasting   | 3 4 |  4.7
Hexes          | 3 4 |  4.0
Transmutations | 3 4 6 |  6.7
Air Magic      | 1 3 5 |  5.0
Earth Magic    | 1 4 |  4.0
Dodging        | |  2.6
Stealth        | |  2.6

Action                   |  1- 3 |  4- 6 |  7- 9 || total
-------------------------+-------+-------+-------++-------
Melee: Unarmed           |    15 |     4 |    16 ||    35
       Bite              |     2 |       |     1 ||     3
 Cast: Summon Small Mamm |    73 |     1 |       ||    74
       Call Canine Famil |     2 |    34 |    32 ||    68
       Summon Guardian G |       |    10 |     8 ||    18
       Summon Lightning  |       |       |    30 ||    30
  Use: Scroll            |     2 |     6 |     3 ||    11
       Potion            |       |     1 |     3 ||     4
 Stab: Sleeping          |     1 |     1 |     1 ||     3
Armor: Skin              |       |     3 |     6 ||     9
Dodge: Dodged            |     8 |    36 |    56 ||   100

Table legend: (Time is in decaauts)
 A = Elapsed time spent in this place.
 B = Non-inter-level travel time spent in this place.
 C = Inter-level travel time spent in this place.
 D = Time resting spent in this place.
 E = Time spent auto-exploring this place.
 F = Levels seen in this place.
 G = Mean time per level.
                   A        B        C        D        E       F      G
               +--------+--------+--------+--------+--------+-----+--------+
         Total |   9625 |   9240 |    385 |   1088 |   5982 |   9 | 1069.4 |
       Dungeon |   9326 |   8993 |    333 |   1088 |   5735 |   8 | 1165.8 |
        Temple |    298 |    247 |     51 |      0 |    246 |   1 |  298.0 |
               +--------+--------+--------+--------+--------+-----+--------+

Top non-repeatable levels by time:
     D:4: 1957 daAuts
     D:2: 1488 daAuts
     D:6: 1382 daAuts
     D:5: 1262 daAuts
     D:1: 1095 daAuts
     D:3: 936 daAuts
     D:7: 732 daAuts
     D:8: 472 daAuts
  Temple: 298 daAuts
